Map: Magannatha LE

Players

Oberyn

  • Race: Terran Terran
  • League: Master
  • Spawn Location: 11:00

ManlyManMeat - Winner!

  • Race: Zerg Zerg
  • League: Diamond
  • Spawn Location: 5:00

VOD

Have the link to the VOD?

Description

Time

  • Played on: July 12, 2025, 11:11 a.m.
  • Length: 13:54
Show
View Real Time Build Order
Export as new Build Order

Oberyn Terran 

Build Orders: Command Center First, Mech 

Get SALT Encoding   

  12  0:11  SCV  
  13  0:20  Supply Depot  
  13  0:23  SCV  
  14  0:38  SCV  
  15  0:50  SCV  
  16  1:01  Command Center  
  16  1:03  SCV  
  17  1:09  Refinery  
  17  1:22  Barracks  
  17  1:24  SCV  
  18  1:36  SCV  
  19  1:49  SCV  
  20  2:01  SCV  
  21  2:17  Barracks  
  21  2:21  Orbital Command  
  21  2:25  Factory  
  21  2:36  Marine  
  22  2:37  Orbital Command  
  22  2:42  Supply Depot  
  22  2:44  Supply Depot  
  22  2:48  SCV  
  23  2:55  Marine  
  24  3:00  SCV  
  25  3:09  Factory Tech Lab  
  25  3:17  Marine  
  25  3:18  Marine  
  28  3:20  SCV x2  
  29  3:28  Starport  
  29  3:32  SCV x2  
  31  3:44  SCV x2  
  31  3:47  Marine x2, Siege Tank  
  38  3:56  SCV  
  38  3:59  SCV  
  38  4:00  Refinery  
  40  4:06  Marine x2  
  40  4:08  Command Center, SCV  
  43  4:11  SCV  
  44  4:20  SCV  
  44  4:24  SCV  
  46  4:28  Banshee  
  49  4:32  Refinery, SCV  
  49  4:34  Marine x2  
  49  4:36  SCV  
  49  4:38  Factory Tech Lab  
  53  4:42  Barracks  
  53  4:44  SCV  
  54  4:54  Supply Depot  
  54  4:56  Supply Depot  
  54  5:10  Refinery  
  54  5:15  Banshee  
  54  5:16  Siege Tank, SCV x2  
  54  5:17  Marine  
  63  5:26  Orbital Command  
  63  5:28  SCV  
  64  5:34  Supply Depot  
  64  5:35  Marine  
  65  5:45  Barracks Reactor  
  65  5:49  Siege Tank  
  68  5:50  Barracks Tech Lab  
  68  5:53  SCV x3  
  71  6:03  Supply Depot  
  71  6:05  SCV x2  
  71  6:06  Bunker  
  73  6:24  Siege Tank  
  73  6:25  Marine x3  
  79  6:31  Orbital Command  
  79  6:35  Stimpack  
  79  6:37  Barracks  
  79  6:45  Starport Reactor  
  79  6:46  SCV  
  81  6:47  SCV  
  81  6:56  Barracks Reactor  
  81  6:58  SCV  
  81  6:59  SCV  
  80  7:09  Marine x2  
  80  7:10  Marine, Siege Tank, SCV  
  80  7:11  SCV  
  80  7:13  SCV  
  89  7:22  SCV  
  89  7:23  SCV, Medivac x2  
  89  7:25  SCV  
  89  7:27  Command Center, Marine x2, Engineering Bay, Combat Shield  
  89  7:28  Command Center, Engineering Bay  
  98  7:33  Factory  
  98  7:35  SCV x2  
  100  7:38  SCV  
  101  7:56  Factory  
  101  7:57  Terran Infantry Armor Level 1, Terran Infantry Weapons Level 1  
  101  8:09  Armory  
  101  8:15  Refinery x2  
  101  8:21  Marine x3  
  101  8:22  Supply Depot, Marine x2, Siege Tank, SCV x3, Medivac x2  
  101  8:23  Supply Depot x2  
  101  8:25  Supply Depot  
  116  8:27  Supply Depot  
  116  8:31  Marine  
  116  8:33  Concussive Shells  
  117  8:38  SCV x3  
  117  8:39  Marine x5  
  125  8:49  Marine  
  125  8:50  SCV x2  
  125  8:54  Siege Tank  
  114  9:09  Orbital Command  
  109  9:10  Orbital Command  
  109  9:11  Factory Tech Lab  
  109  9:12  Liberator x2  
  109  9:16  Marauder x2, Marine  
  120  9:17  Marine x3  
  123  9:26  Siege Tank  
  123  9:29  Terran Vehicle Weapons Level 1  
  126  9:33  Siege Tank  
  126  9:34  Marine  
  126  9:35  Marine x3  
  126  9:37  Marauder  
  126  9:38  Marauder  
  137  9:46  Orbital Command  
  137  9:52  Marine x2  
  138  9:53  Marine  
  138  9:54  Marine  
  138  9:57  Medivac x2  
  138  9:58  Marine  
  138  9:59  Marauder  
  148  10:00  Terran Infantry Armor Level 2, Terran Infantry Weapons Level 2  
  148  10:10  Command Center, Marine x3  
  148  10:12  Marine  
  152  10:14  Siege Tank x2  
  152  10:17  Marauder  
  160  10:33  SCV  
  160  10:34  SCV  
  162  10:36  SCV  
  162  10:37  SCV x2  
  165  10:45  SCV  
  165  10:46  Siege Tank x2, SCV  
  165  10:48  SCV  
  165  10:49  SCV x2  
  176  10:58  SCV  
  176  11:01  Marauder x2, Marine  
  176  11:02  Marine x3  
  185  11:18  Liberator  
  187  11:26  Marine  
  187  11:28  Marauder, Marine x2  
  187  11:29  Marauder  
  187  11:30  Liberator  
  172  11:34  Siege Tank x2  
  172  11:37  Terran Vehicle Weapons Level 2  
  169  11:50  Marauder  
  169  11:51  Marauder  
  167  12:11  Marauder  
  156  12:23  Marauder, Thor  
  156  12:24  Thor  
  156  12:26  Marine, Medivac x2  
  156  12:27  Marine x3  
  156  12:28  Command Center  
  149  12:32  Marauder  
  127  12:44  Marine x2  
  118  12:45  Marine  
  118  12:49  SCV  
  118  12:50  Marine, SCV x4  
  118  12:51  Marine  
  126  12:53  Marine  
  126  12:58  Barracks  
  127  12:59  Barracks  
  127  13:00  Medivac x2  
  127  13:01  Factory, SCV  
  127  13:02  Marine x2, SCV x2  
  127  13:03  Marine  
  137  13:08  Marine x2, SCV x2  
  137  13:11  Marine  
  148  13:14  SCV x2  
  148  13:19  Marine  
  156  13:20  Marine  
Show
View Real Time Build Order
Export as new Build Order

ManlyManMeat Zerg - Winner!

Build Orders: Hatch First 

Get SALT Encoding   

  12  0:00  Drone  
  13  0:08  Drone  
  13  0:13  Extractor  
  13  0:14  Drone  
  15  0:21  Overlord  
  15  0:41  Drone  
  16  0:46  Hatchery  
  16  0:49  Drone  
  16  0:53  Drone  
  17  0:57  Drone  
  18  1:08  Extractor  
  17  1:12  Spawning Pool  
  17  1:16  Drone  
  17  1:20  Drone  
  18  1:26  Drone  
  19  1:37  Drone  
  20  1:48  Drone  
  21  1:59  Queen x2  
  21  2:00  Zergling x4  
  27  2:09  Overlord  
  27  2:12  Drone  
  28  2:15  Metabolic Boost  
  28  2:34  Hatchery  
  27  2:47  Drone x3  
  30  2:52  Drone x2  
  30  2:53  Overlord  
  32  2:59  Overlord  
  32  3:02  Drone  
  33  3:18  Queen  
  33  3:19  Drone x3  
  38  3:20  Drone  
  38  3:31  Drone, Roach Warren  
  38  3:38  Drone  
  38  3:39  Drone x2  
  41  3:43  Overlord  
  41  3:44  Overlord  
  41  3:47  Drone x2  
  41  3:48  Drone x3  
  46  3:50  Queen  
  48  4:01  Queen  
  48  4:02  Lair  
  50  4:04  Drone  
  50  4:06  Drone  
  50  4:07  Drone  
  53  4:17  Roach  
  55  4:25  Drone x3, Extractor  
  55  4:26  Overlord x3, Extractor  
  55  4:28  Drone x2  
  58  4:35  Queen  
  60  4:54  Drone x2  
  60  4:55  Evolution Chamber  
  60  4:56  Evolution Chamber  
  60  5:00  Drone  
  60  5:01  Roach  
  60  5:02  Roach x5  
  73  5:08  Drone x4  
  77  5:14  Overseer  
  77  5:20  Hatchery, Roach x4  
  84  5:26  Drone x3  
  87  5:31  Drone x2  
  87  5:32  Overlord x2  
  89  5:48  Overlord x4  
  88  6:01  Spore Crawler  
  88  6:03  Zerg Ground Armor Level 1, Infestation Pit, Zerg Missile Weapons Level 1  
  86  6:05  Drone  
  86  6:06  Extractor  
  86  6:07  Drone x3  
  86  6:08  Drone x3, Extractor  
  91  6:12  Glial Reconstitution  
  91  6:17  Queen x2  
  91  6:18  Queen  
  97  6:22  Drone x3  
  97  6:23  Drone  
  101  6:27  Zergling x6  
  104  6:41  Spore Crawler  
  104  6:43  Spore Crawler  
  99  7:08  Roach x16  
  122  7:09  Roach x2  
  134  7:31  Tunneling Claws  
  134  7:32  Drone, Overlord  
  134  7:33  Overlord x4  
  134  7:34  Overseer x3  
  134  7:37  Overseer  
  135  7:40  Drone  
  134  7:58  Hive  
  134  8:10  Zergling x16  
  134  8:11  Zergling x18  
  151  8:14  Zerg Melee Weapons Level 1, Zerg Missile Weapons Level 2  
  151  8:18  Overseer  
  151  8:21  Drone  
  151  8:22  Drone x4  
  151  8:23  Overlord x3  
  156  8:38  Spire  
  156  8:41  Extractor x2  
  139  9:06  Overseer, Hatchery  
  136  9:44  Ultralisk Cavern  
  135  9:46  Zergling x14  
  135  9:47  Zergling x16  
  135  9:50  Adrenal Glands  
  150  9:59  Zerg Flyer Armor Level 1  
  150  10:00  Corruptor x5  
  150  10:05  Drone x3  
  163  10:07  Drone x2  
  163  10:08  Drone x4  
  163  10:09  Overlord x4  
  163  10:11  Overseer x3  
  169  10:32  Chitinous Plating  
  169  10:37  Zergling x22  
  169  10:38  Zergling x8  
  184  10:49  Hatchery  
  183  10:50  Zergling x30, Hatchery  
  183  10:54  Hatchery  
  142  11:36  Zergling x12  
  142  11:37  Zergling x2, Ultralisk x6  
  142  11:38  Zergling x16  
  162  11:52  Zergling x4, Ultralisk x2  
  157  12:16  Ultralisk  
  157  12:17  Zergling x16  
  123  12:50  Zergling x20, Ultralisk x2  
  145  13:05  Anabolic Synthesis  
  145  13:08  Zergling x10  
  145  13:09  Zergling x16  
Tags
 
Add a new tag
Caveats
  • Supply blocks, unpowered buildings, or Contaminate may cause inaccurate times.
  • Supply counts are checked every 10 seconds.